 Dungeon Crawl Stone Soup version 0.29.1-12-g30fa7ad0bf (webtiles) character file.

Game seed: 1038223663481513242

2254 xian the Covert (level 9, -5/42 HPs)
             Began as a Spriggan Enchanter on Dec 23, 2022.
             Was a Believer of Dithmenos.
             Slain by a wight
             ... wielding a +0 halberd
              (16 damage)
             ... on level 7 of the Dungeon.
             The game lasted 00:21:14 (7509 turns).

xian the Covert (Spriggan Enchanter)                Turns: 7509, Time: 00:21:15

Health: -5/42      AC:  3    Str:  8    XL:     9   Next: 15%
Magic:  16/17      EV: 18    Int: 13    God:    Dithmenos [**....]
Gold:   147        SH:  7    Dex: 16    Spells: 8/18 levels left

rFire   + + .      SeeInvis +   s - +7 short sword of False Hope {elec, Fly rElec rPois Int-5}
rCold   . . .      Faith    .   p - +0 buckler
rNeg    . . .      Spirit   .   b - +0 robe
rPois   +          Reflect  .   (helmet restricted)
rElec   +          Harm     .   v - +0 cloak
rCorr   .          Rampage  .   (gloves unavailable)
Will    ++...                   (boots unavailable)
Stlth   +++++++...              a - amulet of magic regeneration
HPRegen 0.14/turn               r - ring of willpower
MPRegen 0.55/turn               x - ring of Terra Nullius {Fly rF++ Int+2 Stlth+}

@: flying, wreathed by umbra, very quick
A: very small, no large weapons, unfitting armour, see invisible, speed 3
a: Renounce Religion, Shadow Step


You were on level 7 of the Dungeon.
You worshipped Dithmenos.
Dithmenos was pleased with you.
You visited 2 branches of the dungeon, and saw 8 of its levels.

You collected 323 gold pieces.
You spent 176 gold pieces at shops.

Inventory:

Hand Weapons
 s - the +7 short sword of False Hope (weapon) {elec, Fly rElec rPois Int-5}
   (You bought it in a shop on level 3 of the Dungeon)

   It occasionally discharges a powerful burst of electricity upon striking a
   foe.
   Int:       It affects your intelligence (-5).
   rElec:     It insulates you from electricity.
   rPois:     It protects you from poison.
   Fly:       It grants you flight.
 B - the +5 spear of Blind Justice {vorpal, *Rage Str+3 Int+3 Dex+9}
   (You found it on level 6 of the Dungeon)

   It inflicts extra damage upon your enemies.
   Str:       It affects your strength (+3).
   Int:       It affects your intelligence (+3).
   Dex:       It affects your dexterity (+9).
   *Rage:     It berserks you when you make melee attacks (+20% chance).
Missiles
 i - 49 stones (quivered)
 j - 5 boomerangs
 z - a throwing net
Armour
 b - a +0 robe (worn)
 p - a +0 buckler (worn)
 v - a +0 cloak (worn)
Jewellery
 a - an amulet of magic regeneration (around neck)
 r - a ring of willpower (left hand)
 x - the ring of Terra Nullius (right hand) {Fly rF++ Int+2 Stlth+}
   (You found it on level 5 of the Dungeon)

   [ring of flight]

   Int:       It affects your intelligence (+2).
   rF:        It greatly protects you from fire.
   Fly:       It grants you flight.
   Stlth:     It makes you more stealthy.
 F - a +4 ring of evasion
Wands
 m - a wand of acid (16)
 n - a wand of flame (40)
Scrolls
 d - a scroll of poison
 f - 2 scrolls of enchant weapon
 h - a scroll of immolation
 k - 2 scrolls of fear {unknown}
 l - 3 scrolls of blinking
 o - 4 scrolls of teleportation
 q - 2 scrolls of vulnerability {unknown}
 y - a scroll of enchant armour
 A - a scroll of amnesia
 E - a scroll of butterflies {unknown}
Potions
 c - a potion of invisibility
 e - 5 potions of curing
 g - 3 potions of magic {unknown}
 t - a potion of ambrosia
 u - 3 potions of heal wounds
 w - a potion of resistance
 C - a potion of might
 D - a potion of haste {unknown}


   Skills:
 + Level 2.1 Fighting
 + Level 5.7 Short Blades
 + Level 1.1 Throwing
 + Level 4.9 Dodging
 + Level 10.0 Stealth
 * Level 3.5 Shields
 + Level 5.0 Spellcasting
 + Level 6.1 Hexes
 + Level 2.5 Ice Magic


You had 8 spell levels left.
You knew the following spells:

 Your Spells              Type           Power      Damage    Failure   Level
a - Ensorcelled Hibernat  Hex/Ice        28%        N/A       10%         2
b - Tukima's Dance        Hex            19%        N/A       9%          3
c - Passwall              Tmut/Erth      2%         N/A       50%         2
d - Confusing Touch       Hex            19%        N/A       9%          3

Your spell library contained the following spells:

 Spells                   Type           Power      Damage    Failure   Level
 Dazzling Flash           Conj/Hex       22%        N/A       30%         3
 Swiftness                Air            3%         N/A       73%         3


Dungeon Overview and Level Annotations

Branches:
Dungeon (7/15)             Temple (1/1) D:4

Altars:
Ashenzari
Cheibriados
Dithmenos
Elyvilon
Gozag
Hepliaklqana
Kikubaaqudgha
Makhleb
Nemelex Xobeh
Okawaru
Qazlal
Ru
Sif Muna
Trog
Uskayaw
Vehumet
Wu Jian
Yredelemnul
Zin
The Shining One

Shops:
D:1 !   D:3 (


Innate Abilities, Weirdness & Mutations

You are very small and have problems with some larger weapons.
You are too small for most types of armour.
You have supernaturally acute eyesight. (SInv)
You cover ground extremely quickly. (Speed+++)


Message History

You start resting.
A wight is nearby!
Casting: Ensorcelled Hibernation (safe; 10% risk of failure)
Confirm with . or Enter, or press ? or * to list all spells.
You can't see any susceptible monsters within range! (Use Z to cast anyway.)
Casting: Ensorcelled Hibernation (safe; 10% risk of failure)
Confirm with . or Enter, or press ? or * to list all spells.
Your hands begin to glow red.
You closely miss the wight. The wight barely misses you.
You hit the wight but do no damage.
The wight appears confused.
You block the wight's attack.
The wight hits itself with a +4 flail.
You strike the helpless wight from behind!
You impale the wight!!
You destroy the wight!
Dithmenos accepts your kill.
The sentinel's mark upon you fades away.
Things that are here:
a +4 flail; a +0 robe A wight comes into view.
It is wielding a +3 long sword of freezing.
Casting: Confusing Touch (dangerous; 9% risk of failure)
Confirm with . or Enter, or press ? or * to list all spells.
Your hands begin to glow red.
You block the wight's attack.
You hit the wight but do no damage.
The wight appears confused. 2 wights and a yak come into view.
A wight is wielding a +6 battleaxe of freezing.
The yak bellows!
You hit the wight. Lightning courses through the wight!
The wight is almost destroyed.
You block the wight's attack.
The wight hits itself with a +3 long sword of freezing.
The wight is destroyed!
Dithmenos accepts your kill.
A yak comes into view.
You block the yak's attack.
The wight hits you from afar with a +0 halberd.
* * * LOW HITPOINT WARNING * * *
Your Stealth skill increases to level 10!
You barely miss the yak.
The wight hits you from afar with a +0 halberd!
You die...

####....####.#
......### ###
.......#
####...# ##Y.#
#..###
##Y.y####
#..zzY.#
###.####@#
#.....).)#
####.##### ##


You could see 3 yaks, a killer bee (wandering) and 2 wights.

Vanquished Creatures
  A wyvern (D:6)
  A steam dragon (D:6)
  A water moccasin (D:6)
  A sky beast (D:6)
  2 ice beasts
  2 centaurs
  2 phantoms (D:5)
  A gnoll sergeant (D:6)
  3 necrophages
  A scorpion (D:6)
  2 wights (D:7)
  3 killer bees (D:7)
  A howler monkey (D:3)
  2 hounds (D:6)
  3 orc priests
  A gnoll bouda (D:6)
  A jelly (D:6)
  Crazy Yiuf (D:3)
  Jessica (D:3)
  3 iguanas
  3 orc wizards
  12 gnolls (D:6)
  2 orc zombies (D:5)
  6 adders
  A white imp (D:4)
  2 ufetubi
  A dart slug (D:3)
  16 orcs
  7 ball pythons
  6 endoplasms
  5 giant cockroaches
  11 goblins
  4 hobgoblins
  A quokka (D:5)
  7 bats
  4 frilled lizards (D:1)
  9 kobolds
  7 rats
137 creatures vanquished.

Notes
Turn   | Place    | Note
-------+----------+-------------------------------------------
     0 | D:1      | xian the Spriggan Enchanter began the quest for the Orb.
     0 | D:1      | Reached XP level 1. HP: 9/9 MP: 5/5
     8 | D:1      | Found Cehen's Distillery.
   278 | D:1      | Reached XP level 2. HP: 13/13 MP: 6/6
   658 | D:1      | Learned a level 2 spell: Ensorcelled Hibernation
   662 | D:1      | Reached skill level 5 in Stealth
   931 | D:1      | Reached XP level 3. HP: 16/16 MP: 8/8
  1310 | D:2      | You fall into a shaft and drop 2 floors!
  1310 | D:4      | Found a staircase to the Ecumenical Temple.
  1346 | Temple   | Entered the Ecumenical Temple
  1750 | D:4      | Found an ornate altar of the Wu Jian Council.
  1806 | D:4      | Found a hide-covered altar of Uskayaw.
  1838 | D:4      | Noticed a centaur
  2061 | D:3      | Reached XP level 4. HP: 21/21 MP: 6/9
  2064 | D:3      | Noticed Jessica
  2071 | D:3      | Killed Jessica
  2072 | D:3      | Reached skill level 6 in Stealth
  2298 | D:3      | Found a basalt altar of Yredelemnul.
  2304 | D:3      | Found a shadowy altar of Dithmenos.
  2318 | D:3      | Found an ancient bone altar of Kikubaaqudgha.
  2324 | D:3      | Became a worshipper of Dithmenos the Shadowed
  2478 | D:3      | Found Boteli's Antique Weapon Boutique.
  2498 | D:3      | Found a radiant altar of Vehumet.
  2507 | D:3      | Bought a fine short sword for 176 gold pieces
  2507 | D:3      | Identified the +7 short sword of False Hope {elec, Fly
                  | rElec rPois Int-5} (You bought it in a shop on level 3 of
                  | the Dungeon)
  2531 | D:3      | Learned a level 3 spell: Tukima's Dance
  2534 | D:3      | Learned a level 2 spell: Passwall
  2595 | D:3      | Reached XP level 5. HP: 25/25 MP: 10/10
  2809 | D:3      | HP: 1/25 [orc priest/divine providence (13)]
  3298 | D:4      | Killed a centaur
  3299 | D:4      | Reached skill level 1 in Fighting
  3396 | D:4      | Found an iron altar of Okawaru.
  3632 | D:4      | Reached skill level 1 in Shields
  3730 | D:4      | Reached XP level 6. HP: 30/30 MP: 11/11
  4254 | D:3      | Found a runed translucent door.
  4255 | D:3      | Noticed Crazy Yiuf
  4285 | D:3      | Killed Crazy Yiuf
  4431 | D:5      | Entered Level 5 of the Dungeon
  4434 | D:5      | Found a transporter.
  4480 | D:5      | Found a transporter.
  4790 | D:5      | Identified the ring of Terra Nullius {Fly rF++ Int+2
                  | Stlth+}
  4848 | D:5      | Found a sparkling altar of Nemelex Xobeh.
  4952 | D:5      | Reached * piety under Dithmenos
  5023 | D:5      | Reached skill level 1 in Ice Magic
  5084 | D:5      | Reached skill level 5 in Hexes
  5101 | D:5      | Reached XP level 7. HP: 33/33 MP: 13/13
  5254 | D:5      | Reached skill level 7 in Stealth
  5282 | D:5      | Learned a level 3 spell: Confusing Touch
  5390 | D:5      | Found a bloodstained altar of Trog.
  5845 | D:6      | Noticed a steam dragon
  5857 | D:6      | Killed a steam dragon
  5858 | D:6      | Reached XP level 8. HP: 38/38 MP: 15/15
  6025 | D:6      | Identified the +5 spear of Blind Justice {vorpal, *Rage
                  | Str+3 Int+3 Dex+9}
  6092 | D:6      | Reached ** piety under Dithmenos
  6181 | D:6      | Reached skill level 8 in Stealth
  6190 | D:6      | Reached skill level 5 in Short Blades
  6755 | D:6      | Identified the +4 ring mail "Qaxzo" {Drain rElec rPois rF-}
  6762 | D:6      | Reached skill level 1 in Throwing
  6819 | D:6      | Reached skill level 9 in Stealth
  7256 | D:7      | Noticed a troll
  7260 | D:7      | Reached XP level 9. HP: 42/42 MP: 17/17
  7280 | D:7      | Reached skill level 5 in Spellcasting
  7460 | D:7      | Identified the +6 flail of Eternal Vigilance {freeze, rC++
                  | Str+2 Int-5 Dex+4}
  7509 | D:7      | Reached skill level 10 in Stealth
  7509 | D:7      | Slain by a wight

Illustrated notes

Levels and vault maps discovered:
D:1:      spicycebolla_arrival_clurvy, layout_loops_cross, serial_shops, shop,
          serial_bayou_lagoon_a, minmay_door_square
D:2:      layout_loops_ring, ebering_ecumenical_altar_ruins, minmay_tromino_i4,
          uniq_sigmund
D:3:      layout_basic, old_standard_altar, minmay_overflow_temple_star_quad,
          serial_shops, shop, nicolae_elevator_lobby_plus,
          uniq_crazy_yiuf_cottage, uniq_jessica
D:4:      layout_basic, old_standard_altar, nicolae_overflow_crystal_walls,
          nicolae_wu_jian_wuxing_cycle, minmay_temple_entry_sparse_star,
          amcnicky_mini_pool_small
D:5:      gammafunk_cloud_chamber, layout_basic, trog_hazing_becter,
          nemelex_diamond_rough_becter, nicolae_figureground_pulse
D:6:      layout_loops_corners, serial_bayou_pond_c, minivault_10
D:7:      layout_layer_cave, serial_glass, glass_columns_b, glass_columns_c,
          glass_columns_a, glass_columns_c, glass_columns_a, uniq_maggie
Temple:   nicolae_temple_bog_church

Skill      XL: |  1  2  3  4  5  6  7  8  9 |
---------------+----------------------------+-----
Hexes          | 4 5 6 |  6.1
Stealth        | 5 6 7 9 10 | 10.0
Spellcasting   | 3 4 5 |  5.0
Dodging        | 3 4 |  4.9
Short Blades   | 2 3 4 5 |  5.7
Fighting       | 1 2 |  2.1
Shields        | 1 2 3 |  3.5
Ice Magic      | 1 2 |  2.5
Throwing       | 1 |  1.1

Action                   |  1- 3 |  4- 6 |  7- 9 || total
-------------------------+-------+-------+-------++-------
Melee: Dagger            |    86 |    28 |       ||   114
       Short sword       |       |    89 |   137 ||   226
       Punch             |       |     1 |       ||     1
Throw: Stone             |    10 |    11 |    13 ||    34
 Cast: Ensorcelled Hiber |     2 |    16 |    23 ||    41
       Tukima's Dance    |       |       |     1 ||     1
       Confusing Touch   |       |       |     3 ||     3
  Use: Potion            |       |     1 |     2 ||     3
       Scroll            |       |     6 |     6 ||    12
 Stab: Sleeping          |    16 |     8 |    16 ||    40
       Held in net/web   |       |       |     1 ||     1
       Confused          |       |       |     2 ||     2
Armor: Robe              |     9 |     5 |    12 ||    26
Dodge: Dodged            |    51 |    73 |    84 ||   208
Block: Buckler           |       |     6 |    45 ||    51
